 Dungeon Crawl Stone Soup version 0.28-a0-413-gde365fb1df (webtiles) character file.

Game seed: 11863516886096676931

29 lunkers the Magician (level 3, -8/27 HPs)
             Began as a Djinni Earth Elementalist on Sept 7, 2021.
             Mangled by Terence (9 damage)
             ... on level 2 of the Dungeon.
             The game lasted 00:01:17 (1131 turns).

lunkers the Magician (Djinni Earth Elementalist)    Turns: 1131, Time: 00:01:17

Health: -8/27      AC:  2    Str:  7    XL:     3   Next: 32%
Gold:   39         EV: 12    Int: 17    God:
                   SH:  0    Dex: 13

rFire   + + .      SeeInvis .   (no weapon)
rCold   x . .      Faith    .   (no shield)
rNeg    . . .      Spirit   .   b - +0 robe
rPois   ∞          Reflect  .   (no helmet)
rElec   .          Harm     .   (no cloak)
rCorr   .          Rampage  .   (no gloves)
Will    .....                   (boots unavailable)
Stlth   ++........              (no amulet)
HPRegen 0.09/turn               (no ring)
MPRegen 0.00/turn               (no ring)

@: flying
A: sickness immunity, fire resistance 2, cold vulnerability 1, float, innate
caster, hp casting, extra vitality 1
a: no special abilities


You were on level 2 of the Dungeon.
You visited 1 branch of the dungeon, and saw 2 of its levels.

You collected 39 gold pieces.

Inventory:

Missiles
 c - 25 stones
Armour
 b - a +0 robe (worn)
Scrolls
 d - a scroll of immolation {unknown}
 e - a scroll of enchant armour {unknown}
 f - a scroll of noise {unknown}
 g - a scroll of brand weapon {unknown}
 i - a scroll of fear {unknown}
 j - a scroll of acquirement {unknown}
 l - a scroll of summoning {unknown}
 m - a scroll of identify {unknown}
Potions
 a - a potion of curing {unknown}
 h - 2 potions of flight {unknown}
 k - a potion of attraction {unknown}
 n - a potion of heal wounds {unknown}
 o - a potion of mutation {unknown}


   Skills:
 + Level 1.3 Fighting
 - Level 2.1 Dodging
 - Level 1.5 Stealth
 * Level 3.0 Spellcasting


You couldn't memorise any spells.
You knew the following spells:

 Your Spells              Type           Power      Damage    Failure   Level
a - Sandblast             Erth           26%        2d8       4%          1
b - Passwall              Tmut/Erth      10%        N/A       8%          2
c - Stone Arrow           Conj/Erth      26%        3d8       14%         3
d - Petrify               Tmut/Erth      13%        N/A       43%         4
e - Magic Dart            Conj           52%        1d5       4%          1
Your spell library was empty.

Dungeon Overview and Level Annotations

Branches:
Dungeon (2/15)

Altars:

Annotations:
D:2 Terence


Innate Abilities, Weirdness & Mutations

You are immune to sickness and miasma.
You are immune to poison.
Your flesh is very heat resistant. (rF++)
You are vulnerable to cold. (rC-)
You float through the air rather than walking.
You learn spells naturally, not from books.
Your magical power is your life essence.
You have superior vitality. (+4 HP)


Message History

Casting: Sandblast (safe; 4% risk of failure)
Confirm with . or Enter, or press ? or * to list all spells.
Aiming: Sandblast (safe; 4% risk of failure)
Press: ? - help, Shift-Dir - straight line, f/p - Terence
Aim: Terence, wielding a +0 hand axe and wearing a +0 ring mail (heavily wounded, fast, 82% to hit)
The blast of sand misses Terence.
* * * LOW HITPOINT WARNING * * *
Terence misses you.
Unknown command.
Unknown command.
Unknown command.
Casting: Sandblast (safe; 4% risk of failure)
Confirm with . or Enter, or press ? or * to list all spells.
Okay, then.
Casting: Sandblast (safe; 4% risk of failure)
Confirm with . or Enter, or press ? or * to list all spells.
Aiming: Sandblast (safe; 4% risk of failure)
Press: ? - help, Shift-Dir - straight line, f/p - Terence
Aim: Terence, wielding a +0 hand axe and wearing a +0 ring mail (heavily wounded, fast, 82% to hit)
The blast of sand hits Terence.
Terence is heavily wounded.
* * * LOW HITPOINT WARNING * * *
Terence hits you with a +0 hand axe.
* * * LOW HITPOINT WARNING * * *
Terence closely misses you.
Unknown command.
Casting: Sandblast (safe; 4% risk of failure)
Confirm with . or Enter, or press ? or * to list all spells.
Aiming: Sandblast (safe; 4% risk of failure)
Press: ? - help, Shift-Dir - straight line, f/p - Terence
Aim: Terence, wielding a +0 hand axe and wearing a +0 ring mail (heavily wounded, fast, 82% to hit)
The blast of sand hits Terence.
Terence is almost dead.
* * * LOW HITPOINT WARNING * * *
Terence barely misses you.
Unknown command.
Unknown command.
Unknown command.
Terence hits you with a +0 hand axe!
You die...

.#######.#.###.# ##
#....)..# # ###.#####
#### ##+## ...# ##...##
##.# ##.....## # .#.#
##....(..## .#.#
...###.........####....##
.....'.........'@@.....?.
..†###.........###.....##
...# ##.......## .#.#.#
...# ##.....## .# # #..#
##...## .. #..# ##+## ##
#..# #..#


You could see Terence (fast).

Vanquished Creatures
  An adder (D:2)
  2 dart slugs (D:1)
  2 bats
  2 endoplasms (D:1)
  3 goblins (D:1)
  A hobgoblin (D:1)
  2 kobolds
  2 ball pythons (D:1)
15 creatures vanquished.

Notes
Turn   | Place    | Note
-------+----------+-------------------------------------------
     0 | D:1      | lunkers the Djinni Earth Elementalist began the quest for
                  | the Orb.
     0 | D:1      | Reached XP level 1. HP: 15/15 MP: 0/0
   211 | D:1      | Reached XP level 2. HP: 14/22 MP: 0/0
   685 | D:1      | Reached skill level 1 in Fighting
  1049 | D:2      | Reached skill level 3 in Spellcasting
  1049 | D:2      | Reached XP level 3. HP: 25/27 MP: 0/0
  1049 | D:2      | Learned a level 1 spell: Magic Dart
  1120 | D:2      | Noticed Terence
  1131 | D:2      | Mangled by Terence

Illustrated notes

Levels and vault maps discovered:
D:1:      scummos_arrival_checkerplants, layout_basic
D:2:      layout_loops_corners, serial_shops, shop, uniq_natasha, uniq_terence

Skill      XL: |  1  2 |
---------------+-------+-----
Fighting       | 1 |  1.3
Spellcasting   | 3 |  3.0
Dodging        | |  2.1
Stealth        | |  1.5

Action                   || total
-------------------------++-------
 Cast: Sandblast         ||    29
Dodge: Dodged            ||     5

Table legend: (Time is in decaauts)
 A = Elapsed time spent in this place.
 B = Non-inter-level travel time spent in this place.
 C = Inter-level travel time spent in this place.
 D = Time resting spent in this place.
 E = Time spent auto-exploring this place.
 F = Levels seen in this place.
 G = Mean time per level.
                   A        B        C        D        E       F      G
               +--------+--------+--------+--------+--------+-----+--------+
         Total |   1130 |   1105 |     25 |      0 |   1023 |   2 |  565.0 |
       Dungeon |   1130 |   1105 |     25 |      0 |   1023 |   2 |  565.0 |
               +--------+--------+--------+--------+--------+-----+--------+

Top non-repeatable levels by time:
     D:1: 1047 daAuts
     D:2: 83 daAuts
